 Dungeon Crawl Stone Soup version 0.21.1-1-g345015f (webtiles) character file.

56 tidbits the Firebug (level 3, 0/26 HPs)
             Began as a Gnoll Fire Elementalist on Feb 19, 2018.
             Slain by an ufetubus (4 damage)
             ... summoned by Eustachio
             ... on level 4 of the Dungeon.
             The game lasted 00:03:52 (368 turns).

tidbits the Firebug (Gnoll Fire Elementalist)        Turns: 368, Time: 00:03:52

Health: 0/26       AC:  1    Str: 10    XL:     3   Next: 95%
Magic:  9/9        EV: 15    Int: 18    God:
Gold:   58         SH:  0    Dex: 15    Spells: 6/12 levels left

rFire    . . .     SeeInvis .   a - +1 dagger (venom)
rCold    . . .     Gourm    .   (no shield)
rNeg     . . .     Faith    .   e - +0 robe
rPois    .         Spirit   .   (helmet restricted)
rElec    .         Reflect  .   (no cloak)
rCorr    .         Harm     .   (no gloves)
MR       .....                  (no boots)
Stlth    +++.......             (no amulet)
HPRegen  0.08/turn              (no ring)
MPRegen  0.11/turn              (no ring)

@: hasted, very quick
A: distributed training, fangs 1, horns 1, deformed body, strong nose
a: no special abilities


You were on level 4 of the Dungeon.
You were not hungry.

You visited 1 branch of the dungeon, and saw 5 of its levels.

You collected 58 gold pieces.

Inventory:

Hand Weapons
 a - a +1 dagger of venom (weapon)
   (You took it off a goblin on level 1 of the Dungeon)
 f - a +0 whip
 g - a +0 short sword
 k - a cursed -2 hand axe
 n - a +0 hunting sling
Missiles
 d - 32 arrows
 o - 20 stones
 q - 3 javelins (quivered)
Armour
 e - a +0 robe (worn)
 l - a +0 leather armour
Wands
 h - a wand of scattershot (4)
Scrolls
 j - a scroll of identify {unknown}
Potions
 i - a potion of resistance
 r - a potion of lignification {unknown}
Books
 b - a book of Flames

   Spells                             Type                      Level
   a - Flame Tongue                   Conjuration/Fire             1
   b - Throw Flame                    Conjuration/Fire             2
   c - Conjure Flame                  Conjuration/Fire             3
   d - Inner Flame                    Hexes/Fire                   3
   e - Sticky Flame                   Conjuration/Fire             4
   f - Fireball                       Conjuration/Fire             5
Comestibles
 c - a ration


   Skills:
 + Level 1.0 Fighting
 + Level 1.0 Short Blades
 + Level 1.0 Long Blades
 + Level 1.0 Axes
 + Level 1.0 Maces & Flails
 + Level 1.0 Polearms
 + Level 1.0 Staves
 + Level 1.0 Slings
 + Level 1.0 Bows
 + Level 1.0 Crossbows
 + Level 1.0 Throwing
 + Level 1.0 Armour
 + Level 4.6 Dodging
 + Level 4.2 Stealth
 + Level 1.0 Shields
 + Level 1.0 Unarmed Combat
 + Level 5.0 Spellcasting
 + Level 2.1 Conjurations
 + Level 0.7 Hexes
 + Level 0.7 Charms
 + Level 0.7 Summonings
 + Level 0.7 Necromancy
 + Level 0.7 Translocations
 + Level 0.7 Transmutations
 + Level 5.4 Fire Magic
 + Level 0.7 Ice Magic
 + Level 0.7 Air Magic
 + Level 0.7 Earth Magic
 + Level 0.7 Poison Magic
 + Level 1.0 Invocations
 + Level 1.0 Evocations


You had 6 spell levels left.
You knew the following spells:

 Your Spells              Type           Power        Failure   Level  Hunger
a - Flame Tongue          Conj/Fire      ###..        2%          1    None
c - Conjure Flame         Conj/Fire      ###.....     9%          3    ##.....
j - Throw Flame           Conj/Fire      ###...       4%          2    #......


Dungeon Overview and Level Annotations

Branches:
Dungeon (5/15)
 Temple: D:4-7

Altars:
Vehumet

Annotations:
D:4 Curus's ghost, amateur MfTm; Eustachio


Innate Abilities, Weirdness & Mutations

Your experience applies equally to all skills.
You have very sharp teeth.
Your uncanny sense of smell can sniff out nearby items.
You have a pair of small horns on your head.
Armour fits poorly on your strangely shaped body.


Message History

You closely miss the orc. The orc completely misses you.
You hit the orc.
The orc is poisoned.
The orc is lightly wounded.
The orc completely misses you.
You barely miss the orc.
The orc is moderately wounded.
You hit the orc.
You kill the orc!
Things that are here:
a flail; an orc corpse
Items here: ! ( / [ a leather armour; a wand of scattershot (4); an inky potion; a stone
h - a wand of scattershot (4);
p - an inky potion
Found a radiant altar of Vehumet.
Found an escape hatch in the ceiling.
A hobgoblin comes into view.
Things that are here:
a javelin; 18 gold pieces
q - a javelin You now have 58 gold pieces (gained 18).
You see here a javelin.
q - 2 javelins (gained 1)
A bat comes into view.
The bat moves out of view.
You see here a javelin.
q - 3 javelins (gained 1)
Found an escape hatch in the floor.
Found a scale mail.
There is an escape hatch in the floor here.
You slide downwards.
The hatch slams shut behind you.
Your magical contamination has completely faded away.
Unknown command.
Found a blue potion.
You see here a blue potion.
r - a blue potion
Found a stone staircase leading down.
Eustachio the Magnificent comes into view.
He is wielding a rapier of venom.
Found 9 gold pieces.
Found a stone staircase leading up.
There is a stone staircase leading down here.
You climb downwards.
There is a stone staircase leading up here.
Unknown command.
You climb upwards.
Level annotation: Eustachio
There is a stone staircase leading down here.
Unknown command.
There is a stone staircase leading up here.
You climb upwards.
There is a stone staircase leading down here.
Unknown command.
You climb downwards.
Level annotation: Eustachio
There is a stone staircase leading up here.
Unknown command.
Memorise Conjure Flame, consuming 3 spell levels and leaving 6?
You start memorising the spell.
You continue memorising. x3
You finish memorising.
Spell assigned to 'c'.
Curus's ghost (amateur Merfolk Transmuter) comes into view.
Curus's ghost turns its malevolent gaze towards you.
The helpless Eustachio fails to defend himself.
You puncture Eustachio! You bite Eustachio, but do no damage.
Eustachio is moderately wounded.
Eustachio casts a spell.
Unknown command.
Press: ? - help, v - describe, . - travel
Here: Eustachio, wielding a rapier of venom and wearing a leather armour (moderately wounded)
The floor.
You barely miss Eustachio.
Eustachio is moderately wounded.
The ufetubus hits you. x2
You miss Eustachio.
Eustachio is moderately wounded.
Eustachio barely misses you.
You hit Eustachio.
Eustachio is poisoned.
Eustachio is moderately wounded.
The shadow imp closely misses you.
Eustachio mumbles some strange words.
Eustachio blinks!
The ufetubus completely misses you. The ufetubus closely misses you.
The shadow imp gestures at you. Pain shoots through your body!
* * * LOW HITPOINT WARNING * * *
The shadow imp disappears for a moment.
The shadow imp hits you.
* * * LOW HITPOINT WARNING * * *
Unknown command.
It was a potion of haste.
You feel yourself speed up. The ufetubus barely misses you.
The ufetubus closely misses you. The shadow imp closely misses you.
The shadow imp barely misses you.
Eustachio casts a spell.
Eustachio blinks!
The ufetubus barely misses you. The ufetubus closely misses you.
It was a potion of mutation.
You feel extremely strange.
Your body twists and deforms.
A pair of horns grows on your head! The shadow imp closely misses you.
The ufetubus hits you but does no damage.
The ufetubus hits you.
You die...

. #. #.## ##. ##. #..##
##.. #.. ##...## #..# #..
#.....######..#####..
#....................
##....................
##...55............##..
####....5@..........#####.
#......W###..@......# #.
.........#####......####..
......W..# ##......#....
.........## #...........
###.......# ##...........
##......####............
#.......##.>...........
........................


You could see Eustachio, Curus's ghost, 2 shadow imps and an ufetubus.

Vanquished Creatures
  Ijyb (D:3)
  An adder (D:3)
  A dart slug (D:1)
  2 orcs (D:3)
  4 bats
  4 goblins
  3 hobgoblins (D:1)
  A rat (D:1)
17 creatures vanquished.

Notes
Turn   | Place    | Note
-------+----------+-------------------------------------------
     0 | D:1      | tidbits the Gnoll Fire Elementalist began the quest for the Orb.
     0 | D:1      | Reached XP level 1. HP: 13/13 MP: 6/6
    74 | D:1      | Reached skill level 2 in Conjurations
    87 | D:1      | HP: 1/13 [poisoned by a goblin]
   123 | D:1      | Reached XP level 2. HP: 15/19 MP: 7/7
   127 | D:1      | Learned a level 2 spell: Throw Flame
   256 | D:3      | Noticed Ijyb
   263 | D:3      | Reached skill level 5 in Spellcasting
   263 | D:3      | Reached XP level 3. HP: 15/25 MP: 3/9
   276 | D:3      | Killed Ijyb
   276 | D:3      | Reached skill level 1 in Fighting
   276 | D:3      | Reached skill level 1 in Short Blades
   276 | D:3      | Reached skill level 1 in Long Blades
   276 | D:3      | Reached skill level 1 in Axes
   276 | D:3      | Reached skill level 1 in Maces & Flails
   276 | D:3      | Reached skill level 1 in Polearms
   276 | D:3      | Reached skill level 1 in Staves
   276 | D:3      | Reached skill level 1 in Slings
   276 | D:3      | Reached skill level 1 in Bows
   276 | D:3      | Reached skill level 1 in Crossbows
   276 | D:3      | Reached skill level 1 in Throwing
   276 | D:3      | Reached skill level 1 in Armour
   276 | D:3      | Reached skill level 1 in Shields
   276 | D:3      | Reached skill level 1 in Unarmed Combat
   276 | D:3      | Reached skill level 1 in Invocations
   276 | D:3      | Reached skill level 1 in Evocations
   289 | D:3      | Found a radiant altar of Vehumet.
   322 | D:4      | Noticed Eustachio
   330 | D:5      | Entered Level 5 of the Dungeon
   351 | D:4      | Learned a level 3 spell: Conjure Flame
   357 | D:4      | Noticed Curus's ghost (amateur MfTm)
   368 | D:4      | Gained mutation: Armour fits poorly on your strangely shaped body. [potion of mutation]
   368 | D:4      | Gained mutation: You have a pair of small horns on your head. [potion of mutation]
   368 | D:4      | Slain by an ufetubus

Skill      XL: |  1  2  3 |
---------------+----------+-----
Conjurations   | 2 |  2.1
Spellcasting   | 5 |  5.0
Fighting       | 1 |  1.0
Short Blades   | 1 |  1.0
Long Blades    | 1 |  1.0
Axes           | 1 |  1.0
Maces & Flails | 1 |  1.0
Polearms       | 1 |  1.0
Staves         | 1 |  1.0
Slings         | 1 |  1.0
Bows           | 1 |  1.0
Crossbows      | 1 |  1.0
Throwing       | 1 |  1.0
Armour         | 1 |  1.0
Shields        | 1 |  1.0
Unarmed Combat | 1 |  1.0
Invocations    | 1 |  1.0
Evocations     | 1 |  1.0
Dodging        | |  4.6
Stealth        | |  4.2
Hexes          | |  0.7
Charms         | |  0.7
Summonings     | |  0.7
Necromancy     | |  0.7
Translocations | |  0.7
Transmutations | |  0.7
Fire Magic     | |  5.4
Ice Magic      | |  0.7
Air Magic      | |  0.7
Earth Magic    | |  0.7
Poison Magic   | |  0.7

Action                   || total
-------------------------++-------
Melee: Dagger            ||    18
       Bite              ||     3
Throw: Javelin           ||     3
       Stone             ||     1
 Cast: Flame Tongue      ||    22
  Use: Potion            ||     5
 Stab: Sleeping          ||     1
Armor: Robe              ||     3
Dodge: Dodged            ||    26

Table legend:
 A = Turns spent in this place as a percentage of turns spent in the entire game.
 B = Non-inter-level travel turns spent in this place as a percentage of non-inter-level travel turns spent in the entire game.
 C = Inter-level travel turns spent in this place as a percentage of turns spent in this place.
 D = Turns resting spent in this place as a percentage of non-inter-level travel turns spent in this place.
 E = Turns spent auto-exploring this place as a percentage of non-inter-level travel turns spent in this place.
 F = Non-inter-level travel turns spent in this place divided by the number of levels of this place that you've seen.
                   A       B       C       D       E      F
               +-------+-------+-------+-------+-------+----------------------
         Total | 100.0 | 100.0 |   0.0 |   0.0 |   0.0 |  73.6
       Dungeon | 100.0 | 100.0 |   0.0 |   0.0 |   0.0 |  73.6
               +-------+-------+-------+-------+-------+----------------------

Table legend:
 A = Kills in this place as a percentage of kills in entire the game.
 B = Kills by you in this place as a percentage of kills by you in the entire game.
 C = Kills by friends in this place as a percentage of kills by friends in the entire game.
 D = Other kills in this place as a percentage of other kills in the entire game.
 E = Experience gained in this place as a percentage of experience gained in the entire game.
 F = Experience gained in this place divided by the number of levels of this place that you have seen.
                   A       B       C       D       E      F
               +-------+-------+-------+-------+-------+----------------------
         Total | 100.0 | 100.0 |   N/A |   N/A | 100.0 |  16.0
       Dungeon | 100.0 | 100.0 |   N/A |   N/A | 100.0 |  16.0
               +-------+-------+-------+-------+-------+----------------------

Vault maps used:
D:1:      minmay_arrival_wavy_path, serial_curves, eino_curves_03,
          eino_curves_03, hangedman_decor_riveting, lexackson_kobold_supper
D:3:      vehumet_crystals, uniq_ijyb, uniq_crazy_yiuf_cottage
D:4:      grunt_qazlal_sundering, uniq_eustachio, uniq_robin, uniq_edmund
D:5:      first_ration, uniq_grinder, uniq_sigmund
